 Dungeon Crawl Stone Soup version 0.30-a0-782-ge64f9170bb (webtiles) character file.

Game seed: 7652355476170851544

211641 mopl the Severer (level 19, -7/143 HPs)
             Began as a Formicid Venom Mage on Mar 7, 2023.
             Was a High Priest of Okawaru.
             Succumbed to an emperor scorpion's poison
             ... on level 4 of the Spider Nest on Mar 8, 2023.
             The game lasted 01:39:14 (33441 turns).

mopl the Severer (Formicid Venom Mage)             Turns: 33441, Time: 01:39:14

Health: -7/143     AC: 19    Str: 20    XL:     19   Next: 61%
Magic:  24/26      EV: 19    Int: 16    God:    Okawaru [*****.]
Gold:   1772       SH: 25    Dex: 19    Spells: 15/24 levels left

rFire   . . .      SeeInvis +    i - +5 broad axe (flame)
rCold   . . .      Faith    .    q - +0 tower shield of the Trombone {Drain Will+ Dex+5}
rNeg    + . .      Spirit   .    h - +4 ring mail "Cioziem" {Regen+}
rPois   .          Reflect  +    (helmet unavailable)
rElec   .          Harm     .    u - +0 cloak
rCorr   +          Rampage  +    Q - +2 pair of gloves {infuse}
Will    ++...                    K - +0 pair of boots {rampage}
Stlth   +++                      N - amulet of reflection
HPRegen 1.23/turn                l - ring of positive energy
MPRegen 0.20/turn                v - ring of resist corrosion

@: lethally poisoned (-7 -> -62), heroic, finesse-ful
A: permanent stasis, dig shafts and tunnels, antennae 3, four strong arms
}: 1/15 runes: barnacled
a: Dig, Shaft Self, Renounce Religion, Heroism, Finesse, Duel


You were on level 4 of the Spider Nest.
You worshipped Okawaru.
Okawaru was extremely pleased with you.
You visited 5 branches of the dungeon, and saw 30 of its levels.
You visited 1 bazaar.
You also visited: Ice Cave.

You collected 4331 gold pieces.
You spent 2559 gold pieces at shops.

Inventory:

Hand Weapons
 a - the +5 demon whip of Hepliaklqana {drain, Will+ Str+3 Int-5}
   (You bought it in a shop on level 1 of the Orcish Mines)

   Str:       It affects your strength (+3).
   Int:       It affects your intelligence (-5).
   Will:      It increases your willpower.
 b - the +4 arbalest "Goblinslayer" {drain, rPois}
   (You found it on level 5 of the Lair of Beasts)

   rPois:     It protects you from poison.
 i - a +5 broad axe of flaming (weapon)
 t - the +5 Lochaber axe {reach-cleave, Poleaxe Drain}
   (You bought it in a shop in a bazaar)

   Poleaxe:   It uses either Axes or Polearms skill, whichever is higher.
   Drain:     It drains your maximum health when unequipped.
Missiles
 r - 5 boomerangs of dispersal
 x - 3 silver javelins
 z - 4 curare-tipped darts
 A - 24 javelins
 D - 2 datura-tipped darts
 F - 82 poisoned darts
 R - 44 boomerangs
 Z - 2 throwing nets
Armour
 h - the +4 ring mail "Cioziem" (worn) {Regen+}
   (You found it on level 5 of the Dungeon)

   Regen:     It increases your rate of health regeneration.
 q - the +0 tower shield of the Trombone (worn) {Drain Will+ Dex+5}
   (You acquired it in a bazaar)

   Dex:       It affects your dexterity (+5).
   Drain:     It drains your maximum health when unequipped.
   Will:      It increases your willpower.
 u - a +0 cloak (worn)
 J - the +7 chain mail of the Present {+Inv MP+9 Dex+3}
   (You found it on level 2 of the Spider Nest)

   Dex:       It affects your dexterity (+3).
   MP:        It affects your magic capacity (+9).
   +Inv:      It lets you turn invisible.
 K - a +0 pair of boots of rampaging (worn)
 Q - a +2 pair of gloves of infusion (worn)
Jewellery
 l - a ring of positive energy (left hand)
 s - a ring of protection from fire
 v - a ring of resist corrosion (right hand)
 N - an amulet of reflection (around neck)
Wands
 j - a wand of digging (16)
 o - a wand of quicksilver (11)
 H - a wand of polymorph (10)
 I - a wand of roots (9)
 L - a wand of flame (21)
 S - a wand of mindburst (2)
Scrolls
 d - 8 scrolls of magic mapping
 m - 4 scrolls of vulnerability
 n - 7 scrolls of fear
 p - 3 scrolls of immolation
 w - 3 scrolls of fog
 B - 2 scrolls of poison
 P - a scroll of torment {!r}
 T - a scroll of enchant weapon
 U - 2 scrolls of silence {!r}
Potions
 c - 6 potions of heal wounds
 e - 13 potions of flight
 f - 11 potions of curing
 g - 11 potions of brilliance
 k - 3 potions of lignification {!q}
 E - a potion of resistance
 G - a potion of ambrosia
 M - 5 potions of mutation {!q}
 O - a potion of might
 V - 2 potions of invisibility
 X - 4 potions of cancellation
 Y - a potion of magic
Miscellaneous
 y - a phial of floods
 C - a tin of tremorstones (1/2)
 W - a lightning rod (4/4)


   Skills:
 - Level 11.1(16.1) Fighting
 * Level 20.2(25.2) Axes
 - Level 10.2(15.2) Throwing
 - Level 11.2(16.2) Armour
 - Level 9.7(14.7) Dodging
 - Level 2.4(7.4) Stealth
 - Level 10.0(15.0) Shields
 - Level 3.0 Spellcasting
 - Level 5.0 Transmutations
 - Level 14.5 Poison Magic
 - Level 10.0 Invocations
 - Level 10.6 Evocations


You had 15 spell levels left.
You knew the following spells:

 Your Spells              Type           Power      Damage    Failure   Level
c - Mephitic Cloud        Conj/Pois/Air  17%        N/A       28%         3
o - Olgreb's Toxic Radia  Pois           49%        N/A       1%          4
w - Wereblood             Tmut           18%        N/A       14%         2

Your spell library contained the following spells:

 Spells                   Type           Power      Damage    Failure   Level
 Sting                    Tmut/Pois      100%       1d8       1%          1
 Spider Form              Tmut/Pois      33%        N/A       3%          3
 Poisonous Vapours        Pois/Air       50%        N/A       5%          2
 Cigotuvi's Dreadful Rot  Necr/Pois/Air  34%        N/A       14%         2
 Passwall                 Tmut/Erth      8%         N/A       36%         2
 Apportation              Tloc           4%         N/A       56%         1
 Kiss of Death            Conj/Necr      8%         2d6       56%         1
 Necrotise                Necr           8%         1d4       56%         1
 Sandblast                Erth           4%         2d4       56%         1
 Shock                    Conj/Air       8%         1d3       56%         1
 Slow                     Hex            8%         N/A       56%         1
 Ensorcelled Hibernation  Hex/Ice        4%         N/A       71%         2
 Sublimation of Blood     Necr           2%         N/A       71%         2
 Confusing Touch          Hex            2%         N/A       91%         3
 Dazzling Flash           Conj/Hex       4%         N/A       91%         3
 Frozen Ramparts          Ice            4%         1d1       91%         3
 Gell's Gravitas          Tloc           2%         N/A       91%         3
 Ozocubu's Armour         Ice            2%         N/A       91%         3
 Stone Arrow              Conj/Erth      4%         3d7       91%         3
 Teleport Other           Tloc           2%         N/A       91%         3
 Vampiric Draining        Necr           2%         2d6       91%         3
 Ice Form                 Ice/Tmut       10%        N/A       94%         4
 Petrify                  Tmut/Erth      10%        N/A       94%         4
 Airstrike                Air            1%         2d(1-17)  100%        4
 Anguish                  Hex/Necr       1%         N/A       100%        4
 Cause Fear               Hex            1%         N/A       100%        4
 Dispel Undead            Necr           2%         3d7       100%        4
 Sticky Flame             Conj/Fire      2%         2d3       100%        4
 Agony                    Necr           2%         N/A       100%        5
 Freezing Cloud           Conj/Ice/Air   1%         6-21      100%        5
 Irradiate                Conj/Tmut      5%         3d13      100%        5
 Metabolic Englaciation   Hex/Ice        1%         N/A       100%        5
 Silence                  Hex/Air        1%         N/A       100%        5
 Dispersal                Tloc           1%         N/A       100%        6
 Statue Form              Tmut/Erth      6%         N/A       100%        6
 Ozocubu's Refrigeration  Ice            1%         4d7       100%        7
 Polar Vortex             Ice            1%         N/A       100%        9
 Summon Small Mammal      Summ           Unusable   N/A       N/A         1
 Swiftness                Air            Unusable   N/A       N/A         3
 Tukima's Dance           Hex            Unusable   N/A       N/A         3
 Summon Ice Beast         Ice/Summ       Unusable   N/A       N/A         4
 Simulacrum               Ice/Necr       Unusable   N/A       N/A         6
 Summon Hydra             Summ           Unusable   N/A       N/A         7

Dungeon Overview and Level Annotations

Branches:
Dungeon (15/15)            Temple (0/1) D:7            Lair (5/5) D:8
 Shoals (4/4) Lair:3       Spider (4/4) Lair:3        Slime (0/5) Lair:5
    Orc (2/2) D:9             Elf (0/3) Orc:2        Vaults (0/5) D:14
 Depths (0/4) D:15          IceCv (visited)

Altars:
Ashenzari
Cheibriados
Dithmenos
Elyvilon
Fedhas
Gozag
Nemelex Xobeh
Okawaru
Trog
Vehumet
Wu Jian
Zin
The Shining One
Jiyva

Shops:
D:5 [([   D:7 (   Orc:1 (   Orc:2 ?(!(

Portals:
Trove: D:12 (give horn of Geryon)

Annotations:
D:8 exclusion: orange crystal statue
D:12 1 runed translucent door, Nyg Tys's ghost, journeyman MiBe
Lair:3 1 runed translucent door, Wirisus's ghost, journeyman GnHu
Shoals:1 app
Spider:4 3 runed translucent doors, DEFE's ghost, adept DsWn


Innate Abilities, Weirdness & Mutations

You cannot be hasted, slowed, berserked, paralysed or teleported.
You can dig through walls and to a lower floor.
You have a pair of large antennae on your head. (SInv)
Your four strong arms can wield two-handed weapons with a shield.


Message History

Unknown command.
You slash the emperor scorpion! You burn the emperor scorpion.
The emperor scorpion is moderately wounded.
You slash the sun moth!
You kill the sun moth!
Okawaru accepts your kill.
You feel like a meek peon again.
You block the emperor scorpion's attack. x3
The tremorstone explodes into fragments!
The burst of rock shards engulfs the emperor scorpion but does no damage.
The burst of rock shards engulfs the hornet!
The burst of rock shards engulfs the emperor scorpion but does no damage.
The burst of rock shards engulfs the hornet!!
The emperor scorpion stings you!
You are poisoned.
The emperor scorpion poisons you!
The emperor scorpion closely misses you.
You block the emperor scorpion's attack.
Magic courses through your body.
You feel extremely sick. The emperor scorpion stings you!
* * * LOW HITPOINT WARNING * * *
The emperor scorpion closely misses you.
The emperor scorpion claws you but does no damage.
The emperor scorpion misses you. The emperor scorpion claws you.
* * * LOW HITPOINT WARNING * * *
You block the emperor scorpion's attack.
The emperor scorpion stings you!
* * * LOW HITPOINT WARNING * * *
You are more poisoned.
The emperor scorpion poisons you!
You block the emperor scorpion's attack.
The emperor scorpion claws you but does no damage.
The emperor scorpion misses you.
You block the emperor scorpion's attack.
The emperor scorpion claws you.
* * * LOW HITPOINT WARNING * * *
Unknown command.
You gain the combat prowess of a mighty hero.
You die...

#~..~##.^###~.~~##~..###...###.
##~~.~~~~.############ #..~~~~.
###.~~~~.##### ### ####~~^.
#~.~#^.# ... .^+ #~...^
#^.~#### .! ...# ##~.~~#
##...## .##.. ###~.~### ##...##
#††# ##~~..~# #...~# ##sy#
#~.^.~##~. ###~..~##
#@s.#####...†††~~~
##.##~..~###^s##~~#~...#~~~##
##..†~~~..~##~.##....~~######
#...~~~#.~....^†.~~.^###
###~~#######....~##### ####
###~.~# #####


You could see 3 emperor scorpions and a hornet.

Vanquished Creatures
  5 ghost moths
  4 emperor scorpions
  Aizul (Shoals:1)
  3 broodmothers
  A dire elephant (D:14)
  A spark wasp (Spider:4)
  A blizzard demon (IceCv)
  7 merfolk javelineers
  Josephine (Lair:4)
  7 entropy weavers
  11 merfolk impalers
  A vault guard (D:14)
  An ogre mage (D:15)
  3 caustic shrike simulacra (IceCv)
  5 radroaches
  10 centaur warriors
  9 hydras
  Fannar (Lair:3)
  4 merfolk aquamancers
  4 catoblepae
  5 merfolk avatars
  An alligator snapping turtle (Shoals:3)
  5 boulder beetles
  9 two-headed ogres
  3 death yaks
  2 satyrs
  Sonja (Lair:4)
  4 sun moths
  A skeletal warrior (D:10)
  A fire crab (shapeshifter) (D:14)
  8 sea snakes
  6 pharaoh ants
  A skyshark (Shoals:1)
  An obsidian statue (IceCv)
  Lodul (D:12)
  8 orb spiders
  2 lindwurms (Lair:3)
  A bog body (IceCv)
  3 steelbarb worms
  10 spriggan simulacra (IceCv)
  5 orc knights
  4 ugly things
  4 deep elf pyromancers
  17 harpies
  3 orc sorcerers
  17 wolf spiders
  13 cyclopes
  2 fauns
  3 moths of wrath
  7 merfolk sirens
  20 manticores
  2 elephants (Lair:5)
  A naga mage (D:15)
  8 demonic crawlers
  A gargoyle (D:14)
  6 water nymphs
  3 black mambas
  6 torpor snails
  17 cane toads
  An unseen horror (D:11)
  3 tengu conjurers
  12 komodo dragons
  3 kobold demonologists (D:13)
  2 anaconda simulacra (IceCv)
  4 rime drakes
  5 ice devils (IceCv)
  A golden dragon simulacrum (IceCv)
  A polar bear (shapeshifter) (D:15)
  14 trolls
  3 meliai (Lair:3)
  26 merfolk
  6 wind drakes
  26 tarantellas
  3 polar bears
  22 dream sheep
  13 snapping turtles
  7 hornets
  9 blink frogs
  9 slime creatures
  21 jumping spiders
  7 water elementals
  2 dire elephant simulacra (IceCv)
  2 shadows
  A vampire (D:12)
  23 culicivoras
  10 wraiths
  3 wyverns
  A fire elemental (Lair:2)
  30 yaks
  10 minotaur simulacra (IceCv)
  2 steam dragons
  57 redbacks
  2 vampire mosquitoes (D:13)
  3 basilisks
  Menkaure (D:7)
  2 harpy simulacra (IceCv)
  9 water moccasins
  A warg (Orc:2)
  A hydra simulacrum (IceCv)
  An ettin simulacrum (IceCv)
  A black bear (Lair:3)
  34 orc warriors
  2 alligator simulacra (IceCv)
  6 wolves (Lair:1)
  15 ogres
  21 centaurs
  6 kobold brigands
  A gnoll sergeant (D:13)
  A necrophage (D:5)
  10 bullfrogs
  5 deep troll simulacra (IceCv)
  2 scorpions (D:4)
  13 wights
  2 lindwurm simulacra (IceCv)
  28 killer bees
  A howler monkey (D:14)
  5 jellies
  4 lava snakes
  2 hounds
  13 orc priests
  4 iguanas
  19 orc wizards
  8 hell rats
  22 gnolls
  10 adders
  3 shadow imps
  A white imp (D:7)
  2 dart slugs
  62 orcs
  8 endoplasms
  11 goblins
  12 hobgoblins
  3 jackals
  5 quokkas
  9 ball pythons
  12 bats
  2 frilled lizards (D:2)
  34 kobolds
  7 rats
  A butterfly (Lair:2)
1058 creatures vanquished.

Vanquished Creatures (others)
  A blizzard demon (IceCv)
  A manticore (Shoals:1)
  2 merfolk (Shoals:3)
  A redback (Spider:3)
  A hell rat (Lair:3)
  18 fungi
  81 plants
105 creatures vanquished.

Grand Total: 1163 creatures vanquished

Notes
Turn   | Place    | Note
-------+----------+-------------------------------------------
     0 | D:1      | mopl the Formicid Venom Mage began the quest for the Orb.
     0 | D:1      | Reached XP level 1. HP: 13/13 MP: 3/3
   268 | D:1      | Reached XP level 2. HP: 13/19 MP: 0/5
   554 | D:1      | Reached XP level 3. HP: 24/24 MP: 0/7
   633 | D:1      | Reached skill level 3 in Spellcasting
   820 | D:1      | Reached skill level 5 in Poison Magic
  1311 | D:2      | Reached XP level 4. HP: 29/30 MP: 2/8
  1444 | D:2      | Learned a level 4 spell: Olgreb's Toxic Radiance
  1448 | D:2      | Learned a level 3 spell: Mephitic Cloud
  1572 | D:2      | Reached skill level 6 in Poison Magic
  1585 | D:2      | Identified the +1 mace of Thoughtfulness {speed, Dex+3}
  1667 | D:2      | Reached XP level 5. HP: 35/35 MP: 1/9
  1821 | D:3      | Reached skill level 2 in Dodging
  1835 | D:3      | Reached skill level 1 in Fighting
  1835 | D:3      | Reached skill level 1 in Armour
  2257 | D:3      | Found an iron altar of Okawaru.
  2269 | D:3      | Became a worshipper of Warmaster Okawaru
  2523 | D:4      | Reached XP level 6. HP: 32/43 MP: 3/10
  2597 | D:4      | Reached skill level 1 in Shields
  2601 | D:4      | Reached skill level 1 in Throwing
  2787 | D:4      | Reached skill level 7 in Poison Magic
  2922 | D:4      | You fall into a shaft and drop 3 floors!
  2954 | D:7      | Reached skill level 2 in Fighting
  2954 | D:7      | Reached skill level 1 in Invocations
  2954 | D:7      | Reached XP level 7. HP: 38/50 MP: 3/11
  3031 | D:6      | Reached skill level 2 in Shields
  3035 | D:6      | Reached skill level 2 in Armour
  3109 | D:6      | Found an ornate altar of the Wu Jian Council.
  3110 | D:6      | Found a shadowy altar of Dithmenos.
  3137 | D:6      | Reached * piety under Okawaru
  3181 | D:6      | Reached skill level 2 in Throwing
  3428 | D:5      | Entered Level 5 of the Dungeon
  3444 | D:4      | Reached skill level 2 in Invocations
  3479 | D:4      | Found a blossoming altar of Fedhas.
  3615 | D:4      | Identified the +6 rapier of Courage {vamp, rN+}
  4012 | D:5      | Found Laniny's Antique Armour Shop.
  4041 | D:5      | Reached skill level 3 in Dodging
  4041 | D:5      | Reached XP level 8. HP: 22/54 MP: 1/12
  4219 | D:5      | Reached skill level 3 in Shields
  4292 | D:5      | Identified the +4 ring mail "Cioziem" {Regen+}
  4327 | D:5      | Reached skill level 3 in Fighting
  4400 | D:5      | Found Noucaadd's Weapon Emporium.
  4408 | D:5      | Found Dockicytt's Antique Armour Boutique.
  4431 | D:5      | Bought a pair of glowing gloves for 142 gold pieces
  4479 | D:5      | Reached skill level 3 in Armour
  4527 | D:5      | Reached ** piety under Okawaru
  5113 | D:7      | Noticed Menkaure
  5129 | D:7      | Killed Menkaure
  5130 | D:7      | Reached skill level 3 in Throwing
  5130 | D:7      | Reached skill level 3 in Invocations
  5130 | D:7      | Reached skill level 1 in Evocations
  5159 | D:7      | Found Cemmuuc's Weapon Boutique.
  5180 | D:7      | Reached skill level 5 in Fighting
  5180 | D:7      | Reached skill level 5 in Throwing
  5180 | D:7      | Reached skill level 5 in Armour
  5180 | D:7      | Reached skill level 5 in Dodging
  5180 | D:7      | Reached skill level 7 in Shields
  5180 | D:7      | Reached skill level 9 in Poison Magic
  5180 | D:7      | Reached skill level 6 in Invocations
  5180 | D:7      | Reached skill level 4 in Evocations
  5180 | D:7      | Reached XP level 9. HP: 69/69 MP: 13/13
  5198 | D:7      | Noticed a troll
  5228 | D:7      | Killed a troll
  5288 | D:7      | Identified the +3 plate armour of the Evil One {rN+}
  5445 | D:7      | Noticed a two-headed ogre
  5470 | D:7      | Killed a two-headed ogre
  5471 | D:7      | Reached skill level 6 in Fighting
  5471 | D:7      | Reached skill level 6 in Armour
  5471 | D:7      | Reached skill level 10 in Poison Magic
  5471 | D:7      | Reached XP level 10. HP: 63/76 MP: 2/14
  5679 | D:7      | Found a staircase to the Ecumenical Temple.
  5686 | D:7      | Reached skill level 5 in Evocations
  5879 | D:7      | Reached *** piety under Okawaru
  6134 | D:8      | Found an opulent altar of Gozag.
  6219 | D:8      | Found a staircase to the Lair.
  6501 | D:8      | Noticed an orange crystal statue
  6629 | D:8      | Found a broken altar of Ashenzari.
  6675 | D:8      | Reached **** piety under Okawaru
  6676 | D:8      | Reached skill level 7 in Invocations
  6703 | D:8      | Found a bloodstained altar of Trog.
  6706 | D:8      | Identified the +6 falchion "Nossik" {vamp, Int+3}
  6766 | D:8      | Learned a level 2 spell: Wereblood
  6794 | D:8      | Reached XP level 11. HP: 79/82 MP: 13/16
  6899 | D:9      | Reached skill level 6 in Throwing
  6919 | D:9      | Reached skill level 6 in Dodging
  6967 | D:9      | Found a snail-covered altar of Cheibriados.
  7062 | D:9      | Found a radiant altar of Vehumet.
  7079 | D:9      | Reached skill level 2 in Transmutations
  7080 | D:9      | Reached ***** piety under Okawaru
  7151 | D:9      | Found a staircase to the Orcish Mines.
  7194 | D:9      | Reached skill level 7 in Fighting
  7198 | D:9      | Reached skill level 6 in Evocations
  7233 | D:9      | Reached skill level 7 in Armour
  7559 | D:10     | Entered Level 10 of the Dungeon
  7634 | D:10     | Noticed a two-headed ogre
  7798 | D:10     | Killed a two-headed ogre
  7798 | D:10     | Received a gift from Okawaru
  7799 | D:10     | Reached skill level 3 in Transmutations
  7799 | D:10     | Reached skill level 11 in Poison Magic
  7859 | D:10     | Noticed a centaur warrior
  7859 | D:10     | Noticed a skeletal warrior
  7859 | D:10     | Noticed a four-headed hydra
  7859 | D:10     | Noticed a catoblepas
  7859 | D:10     | Noticed a centaur warrior
  7859 | D:10     | Noticed a centaur warrior
  7947 | Lair:1   | Entered Level 1 of the Lair of Beasts
  8077 | Lair:1   | Received a gift from Okawaru
  8078 | Lair:1   | Reached skill level 8 in Invocations
  8078 | Lair:1   | Reached XP level 12. HP: 91/91 MP: 10/18
  8130 | Lair:1   | Noticed a catoblepas
  8176 | Lair:1   | Killed a catoblepas
  8501 | Lair:1   | Identified the +3 hand axe "Caonn" {heavy, Fragile rCorr
                  | Str-4 Int+5}
  8913 | Lair:2   | Reached skill level 7 in Throwing
  8913 | Lair:2   | Reached skill level 4 in Transmutations
  8915 | Lair:2   | Reached skill level 7 in Evocations
  9080 | Lair:2   | Reached skill level 8 in Fighting
  9241 | Lair:2   | Received a gift from Okawaru
  9313 | Lair:2   | Reached skill level 8 in Armour
 10023 | Lair:3   | Reached skill level 7 in Dodging
 10098 | Lair:3   | Noticed Fannar
 10101 | Lair:3   | Found a staircase to the Shoals.
 10113 | Lair:3   | You fall into a shaft and drop 2 floors!
 10113 | Lair:5   | Entered Level 5 of the Lair of Beasts
 10117 | Lair:5   | Noticed a four-headed hydra
 10146 | Lair:5   | Noticed a catoblepas
 10399 | Lair:4   | Noticed a death yak
 10402 | Lair:4   | Noticed a death yak
 10422 | Lair:4   | Killed a death yak
 10423 | Lair:4   | Reached skill level 9 in Invocations
 10423 | Lair:4   | Reached XP level 13. HP: 99/99 MP: 10/19
 10431 | Lair:4   | Reached skill level 5 in Transmutations
 10508 | Lair:3   | Found a runed translucent door.
 10511 | Lair:3   | Noticed Wirisus's ghost (journeyman GnHu)
 10547 | Lair:3   | Reached skill level 12 in Poison Magic
 10680 | Lair:3   | Killed Fannar
 10852 | Lair:3   | Reached skill level 8 in Evocations
 11035 | Lair:3   | Found a hole to the Spider Nest.
 11382 | Lair:4   | Received a gift from Okawaru
 11382 | Lair:4   | Noticed a five-headed hydra
 11408 | Lair:3   | Reached skill level 8 in Throwing
 11481 | Lair:3   | Received a gift from Okawaru
 11610 | D:10     | Killed a four-headed hydra
 11766 | D:10     | Killed a centaur warrior
 11888 | D:10     | Reached skill level 9 in Fighting
 11931 | D:10     | Noticed a centaur warrior
 11954 | D:10     | Killed a centaur warrior
 11974 | D:10     | Killed a centaur warrior
 11975 | D:10     | Reached skill level 9 in Armour
 11994 | D:10     | Killed a centaur warrior
 12033 | D:10     | Identified a scroll of acquirement
 12034 | D:10     | Acquired 829 gold pieces
 12088 | D:10     | Found a white marble altar of Elyvilon.
 12089 | D:10     | Found a glowing silver altar of Zin.
 12089 | D:10     | Found a glowing golden altar of the Shining One.
 12194 | D:10     | Identified the +0 robe of the Scribe {Slay+2 SInv}
 12195 | D:10     | Got Ulutayli's Experienced Magic
 12311 | D:10     | Killed a catoblepas
 12815 | D:11     | Reached skill level 8 in Shields
 12897 | D:11     | Reached skill level 8 in Dodging
 12897 | D:11     | Reached skill level 10 in Invocations
 12897 | D:11     | Reached XP level 14. HP: 108/108 MP: 13/21
 13342 | Orc:1    | Entered Level 1 of the Orcish Mines
 13504 | Orc:1    | Found Henkao Veaw's Antique Weapon Boutique.
 13514 | Orc:1    | Bought a masterwork demon whip for 500 gold pieces
 13514 | Orc:1    | Identified the +5 demon whip of Hepliaklqana {drain, Will+
                  | Str+3 Int-5} (You bought it in a shop on level 1 of the
                  | Orcish Mines)
 13595 | Orc:2    | Entered Level 2 of the Orcish Mines
 13676 | Orc:2    | Found a staircase to the Elven Halls.
 14012 | Orc:2    | Received a gift from Okawaru
 14020 | Orc:2    | Reached skill level 13 in Poison Magic
 14129 | Orc:2    | Reached skill level 9 in Evocations
 14161 | Orc:2    | Received a gift from Okawaru
 14386 | Orc:2    | Reached skill level 9 in Shields
 14490 | Orc:2    | Found Giyki's Distillery.
 14490 | Orc:2    | Found Keso's Antique Weapon Boutique.
 14492 | Orc:2    | Found Weirew's Magic Scroll Shop.
 14494 | Orc:2    | Found Dalin's Weapon Shoppe.
 14498 | Orc:2    | Bought a potion of attraction for 48 gold pieces
 14502 | Orc:2    | Bought a scroll of teleportation for 42 gold pieces
 14502 | Orc:2    | Bought a scroll of amnesia for 56 gold pieces
 14502 | Orc:2    | Bought a scroll of vulnerability for 56 gold pieces
 14502 | Orc:2    | Bought a scroll of blinking for 105 gold pieces
 14878 | D:12     | Found a portal to a secret trove of treasure.
 14914 | D:12     | Reached skill level 9 in Throwing
 15034 | D:11     | Identified the +0 chain mail of Compression {Str+4}
                  | (Okawaru gifted it to you on level 11 of the Dungeon)
 15034 | D:11     | Received a gift from Okawaru
 15206 | D:12     | Noticed Lodul
 15219 | D:12     | Reached skill level 10 in Fighting
 15223 | D:12     | Reached skill level 10 in Armour
 15232 | D:12     | Killed Lodul
 15246 | D:12     | Found a runed translucent door.
 15248 | D:12     | Noticed Nyg Tys's ghost (journeyman MiBe)
 15254 | D:12     | Identified the +4 spear of the Grave {pain, *Corrode rC++}
 15936 | Lair:4   | Noticed Sonja
 15942 | Lair:4   | Killed Sonja
 15993 | Lair:4   | Reached XP level 15. HP: 64/115 MP: 22/22
 16351 | Lair:4   | Noticed Josephine
 16355 | Lair:4   | Killed Josephine
 16968 | Lair:5   | Reached skill level 9 in Dodging
 17169 | Lair:5   | Reached skill level 10 in Shields
 17334 | Lair:5   | Identified the +5 scimitar of Charity {freeze, Will+++
                  | Int-3 Stlth-} (Okawaru gifted it to you on level 5 of the
                  | Lair of Beasts)
 17334 | Lair:5   | Received a gift from Okawaru
 17355 | Lair:5   | Reached skill level 10 in Evocations
 17366 | Lair:5   | Reached skill level 14 in Poison Magic
 17393 | Lair:5   | Found a staircase to the Slime Pits.
 17394 | Lair:5   | Found a viscous altar of Jiyva.
 17551 | Lair:5   | Identified the +2 trident "Qibilul" {holy, Stlth+}
 17567 | Lair:5   | Identified the +4 arbalest "Goblinslayer" {drain, rPois}
 18946 | D:13     | Reached skill level 10 in Throwing
 19148 | D:14     | Identified the +5 hand axe of Courage {flame, rElec Will+
                  | Str-4 Dex+3}
 19192 | D:14     | Reached skill level 11 in Armour
 19265 | D:14     | Received a gift from Okawaru
 19279 | D:14     | Reached skill level 11 in Fighting
 19415 | D:14     | Received a gift from Okawaru
 19445 | D:14     | Reached XP level 16. HP: 62/125 MP: 7/23
 19460 | D:14     | Found a gate to the Vaults.
 19594 | D:14     | Identified the +5 flail "Ogreslayer" {heavy, Int+4}
 19641 | D:14     | Found a sparkling altar of Nemelex Xobeh.
 19956 | D:15     | Entered Level 15 of the Dungeon
 19956 | D:15     | Found a flickering gateway to a bazaar.
 19968 | Bazaar   | Entered a bazaar
 19988 | Bazaar   | Found Rogeag's Antique Armour Emporium.
 19999 | Bazaar   | Found Niumahit's Weapon Emporium.
 20010 | Bazaar   | Found Ajedo's Antique Weapon Shoppe.
 20042 | Bazaar   | Found Reom's Weapon Shoppe.
 20064 | Bazaar   | Found Seje's General Store.
 20069 | Bazaar   | Bought a scroll of acquirement for 832 gold pieces
 20091 | Bazaar   | Bought the +5 Lochaber axe {reach-cleave, Poleaxe Drain}
                  | for 531 gold pieces
 20091 | Bazaar   | Found the +5 Lochaber axe {reach-cleave, Poleaxe Drain}
 20132 | Bazaar   | Bought a pair of glowing gloves for 247 gold pieces
 20143 | Bazaar   | Acquired the +0 tower shield of the Trombone {Drain Will+
                  | Dex+5}
 20230 | D:15     | Reached skill level 1 in Axes
 20250 | D:15     | Received a gift from Okawaru
 20340 | D:14     | Reached skill level 2 in Axes
 20359 | D:15     | Reached skill level 3 in Axes
 20362 | D:15     | Found a staircase to the Depths.
 20425 | D:15     | Reached skill level 4 in Axes
 20429 | D:15     | Reached skill level 5 in Axes
 20737 | D:15     | Reached skill level 6 in Axes
 21138 | Shoals:1 | Entered Level 1 of the Shoals
 21405 | Shoals:1 | Identified the +7 quick blade "Zerphoso" {heavy, rC- Str+3
                  | Int+6} (Okawaru gifted it to you on level 1 of the Shoals)
 21405 | Shoals:1 | Received a gift from Okawaru
 21406 | Shoals:1 | Reached skill level 7 in Axes
 21551 | Shoals:1 | Noticed Aizul
 21578 | Shoals:1 | Killed Aizul
 21853 | Shoals:1 | Reached skill level 8 in Axes
 22383 | Shoals:2 | Reached skill level 9 in Axes
 22703 | Shoals:2 | Reached skill level 10 in Axes
 22732 | Shoals:2 | Identified the +1 robe of the Old and Reckless {Will+}
 22837 | Shoals:2 | Received a gift from Okawaru
 22890 | Shoals:2 | Received a gift from Okawaru
 22891 | Shoals:2 | Reached XP level 17. HP: 24/131 MP: 8/24
 23265 | Shoals:3 | Reached skill level 11 in Axes
 23361 | Shoals:3 | Found a frozen archway.
 23383 | IceCv    | Entered an ice cave
 24149 | IceCv    | Reached skill level 12 in Axes
 24958 | IceCv    | Reached skill level 13 in Axes
 25016 | IceCv    | Got Moqacluo's Compendium of Hoarfrost
 25338 | Shoals:3 | Received a gift from Okawaru
 25903 | Shoals:3 | Reached skill level 14 in Axes
 25913 | Shoals:3 | Identified the +0 robe "Zaust" {+Inv rElec rF+ Str+2}
 26059 | Shoals:4 | Entered Level 4 of the Shoals
 26650 | Shoals:4 | Received a gift from Okawaru
 26651 | Shoals:4 | Reached skill level 15 in Axes
 26671 | Shoals:4 | Got Qufy's Compilation of Curses
 26702 | Shoals:4 | Reached XP level 18. HP: 76/138 MP: 0/25
 26873 | Shoals:4 | Received a gift from Okawaru
 26917 | Shoals:4 | Got a barnacled rune of Zot
 27210 | Shoals:4 | Reached skill level 16 in Axes
 27211 | Shoals:4 | Received a gift from Okawaru
 27290 | Shoals:4 | Identified the +6 dagger of the Endless Expanse {protect,
                  | rPois rC+++ Str+4 Stlth-}
 27650 | Spider:1 | Entered Level 1 of the Spider Nest
 28453 | Lair:3   | Received a gift from Okawaru
 28643 | Spider:1 | Reached skill level 17 in Axes
 28699 | Spider:1 | Received a gift from Okawaru
 28734 | Spider:1 | Received a gift from Okawaru
 28748 | Spider:1 | You fall into a shaft and drop 1 floor!
 29756 | Spider:2 | Identified the +7 chain mail of the Present {+Inv MP+9
                  | Dex+3}
 29827 | Spider:2 | Received a gift from Okawaru
 30054 | Spider:2 | Reached skill level 18 in Axes
 30791 | Spider:3 | Reached XP level 19. HP: 143/143 MP: 16/26
 31616 | Spider:3 | Reached skill level 19 in Axes
 32029 | Spider:4 | Entered Level 4 of the Spider Nest
 32557 | Spider:4 | Received a gift from Okawaru
 32659 | Spider:4 | Found a runed translucent gate.
 32659 | Spider:4 | Found a runed translucent gate.
 32659 | Spider:4 | Found a runed translucent gate.
 32659 | Spider:4 | Noticed DEFE's ghost (adept DsWn)
 32681 | Spider:4 | Received a gift from Okawaru
 33290 | Spider:4 | Reached skill level 20 in Axes
 33440 | Spider:4 | HP: 7/143 [emperor scorpion (5)]
 33441 | Spider:4 | Succumbed to an emperor scorpion's poison

Illustrated notes

Levels and vault maps discovered:
D:1:      dpeg_arrival_castle, layout_basic
D:2:      layout_rooms, minmay_divided_ellipse
D:3:      mumra_celtic_spiral_tile, layout_basic,
          mainiacjoe_overflow_small_starburst, minmay_tree_intersection
D:4:      layout_basic, fedhas_altar_fruit_tree
D:5:      layout_rooms, serial_shops, nicolae_shop_hallway_plus, shop,
          kennysheep_mini_moat
D:6:      layout_basic, nicolae_overflow_squiral
D:7:      corexii_shantytown, layout_cave_pools, minmay_temple_entry_nine_rooms,
          serial_shops, shop_fountains, uniq_menkaure
D:8:      layout_cave_pools, mainiacjoe_overflow_two_lobes,
          nicolae_gozag_cash_rules_everything_around_me, disabler_island
D:9:      layout_cave_pools, kennysheep_slug_shrine,
          nicolae_vehumet_altar_sigil, minmay_orc_entry_temple_small
D:10:     minmay_the_grid_triangle_9x9_recursive_2
          [minmay_the_grid_triangle_9x9_prize_top_heavy,
          minmay_the_grid_triangle_9x9_limited_checkers,
          minmay_the_grid_triangle_9x9_zippers_vertical,
          minmay_the_grid_triangle_9x9_from_above], layout_irregular_city,
          dreamdust_divine_triumvirate
D:11:     layout_long_grid, kennysheep_potato
D:12:     layout_cave_pools, ebering_ghost_funeral_grove,
          nicolae_trove_entry_crossroad, hangedman_fish_farm, uniq_lodul
D:13:     layout_roguey, patterned_corridor
D:14:     layout_loops_ring, david_vaults_5, nemelex_xobeh_ov_fountains_minmay
D:15:     hangedman_depths_entry_try_elsewhere_first, layout_irregular_city,
          serial_shops, bzr_in_the_mist, grunt_decor_one_mirror
Lair:1:   layout_chaotic_city, nicolae_lair_grazing_beasts
          [nicolae_sub_lair_graze_edge, nicolae_sub_lair_graze_edge,
          nicolae_sub_lair_graze_edge, nicolae_sub_lair_graze_edge],
          grunt_megastairs_3
Lair:2:   layout_gridlike, grunt_megastairs_2, lemuel_fruit_fields
Lair:3:   cheibrodos_lair_overgrown_chateau, layout_gridlike,
          minmay_shoals_entry_centaurs, dummy_spider_entry,
          ebering_ghost_inner_flame, grunt_megastairs_1, uniq_fannar
Lair:4:   layout_cave_pods, beast_lair_carwin_7, lemuel_fruit_tree,
          grunt_megastairs_5, uniq_sonja, uniq_josephine
Lair:5:   gammafunk_lair_ancient_temple, layout_layer_cave,
          minmay_slime_entry_pillars, infiniplex_staircase_pool_2
Shoals:1: layout_shoals, nicolae_shoals_so_close, uniq_aizul
Shoals:2: layout_shoals
Shoals:3: layout_shoals, portal_ice_cave_entry_pillars_three,
          nicolae_shoals_square_sea_wall, ldierk_geyser
Shoals:4: shoals_end_simple, layout_shoals
Spider:1: layout_spider_delve
Spider:2: layout_spider_delve
Spider:3: layout_spider_delve, nicolae_spider_eight_legs
Spider:4: spider_rune_water, ebering_ghost_rock_garden, hellmonk_test_site
Orc:1:    layout_caves, serial_shops, nicolae_shop_trees
Orc:2:    st_orc_rangers, layout_caves, mines_bat_river

Skill      XL: |  1  2  3  4  5  6  7  8  9 10 11 12 13 14 15 16 17 18 19 |
---------------+----------------------------------------------------------+-----
Spellcasting   | 3 |  3.0
Poison Magic   | 5 6 7 9 10 11 12 13 14 | 14.5
Dodging        | 2 3 5 6 7 8 9 |  9.7
Fighting       | 1 2 5 6 7 8 9 10 11 | 11.1
Armour         | 1 2 5 6 7 8 9 10 11 | 11.2
Shields        | 1 2 7 8 9 10 | 10.0
Throwing       | 1 2 5 6 7 8 9 10 | 10.2
Invocations    | 1 2 6 7 8 9 10 | 10.0
Evocations     | 4 5 6 7 8 9 10 | 10.6
Transmutations | 3 4 5 |  5.0
Axes           | 10 15 18 20 | 20.2
Stealth        | |  2.4

Action                     |  1- 3 |  4- 6 |  7- 9 | 10-12 | 13-15 | 16-18 | 19-21 || total
---------------------------+-------+-------+-------+-------+-------+-------+-------++-------
  Melee: Unarmed           |    11 |       |       |       |       |       |       ||    11
         Dagger            |    15 |    19 |    21 |       |       |       |       ||    55
         Mace              |       |    13 |       |       |       |       |       ||    13
         Whip              |       |    20 |       |       |       |       |       ||    20
         Punch             |       |     1 |       |       |       |       |       ||     1
         Rapier            |       |       |    89 |   418 |    36 |       |       ||   543
         Falchion          |       |       |       |   204 |   332 |       |       ||   536
         Demon whip        |       |       |       |       |   704 |  1069 |    90 ||  1863
         Hand axe          |       |       |       |       |    11 |       |       ||    11
         Broad axe         |       |       |       |       |       |   325 |   202 ||   527
   Fire: Arbalest          |       |       |       |       |    15 |     9 |       ||    24
  Throw: Dart              |       |       |       |    11 |     2 |     2 |     3 ||    18
         Boomerang         |       |       |       |       |     3 |   104 |       ||   107
         Javelin           |       |       |       |       |       |     4 |       ||     4
         Throwing net      |       |       |       |       |       |     2 |       ||     2
   Cast: Sting             |    71 |    77 |    52 |     3 |     2 |       |       ||   205
         Olgreb's Toxic Ra |       |     2 |    15 |    63 |   120 |   167 |    18 ||   385
         Mephitic Cloud    |       |       |       |       |     1 |     2 |       ||     3
         Wereblood         |       |       |       |       |     3 |     1 |       ||     4
 Invoke: Heroism           |       |       |     3 |    10 |    23 |    24 |     7 ||    67
         Finesse           |       |       |       |     1 |     1 |     2 |     1 ||     5
Ability: Dig               |       |       |       |     1 |     1 |     1 |       ||     3
         Shaft Self        |       |       |       |     1 |       |     1 |       ||     2
  Evoke: Wand              |       |       |       |     1 |     6 |     6 |       ||    13
         Tin of tremorston |       |       |       |       |     1 |       |     1 ||     2
         Lightning rod     |       |       |       |       |       |     4 |       ||     4
    Use: Scroll            |       |       |     7 |     4 |     7 |     8 |     1 ||    27
         Potion            |       |       |     1 |     4 |     1 |     7 |     2 ||    15
   Stab: Sleeping          |     1 |     2 |     1 |     2 |       |     1 |     1 ||     8
         Distracted        |       |     1 |       |       |       |       |     1 ||     2
         Petrified         |       |       |       |       |     6 |       |       ||     6
         Paralysed         |       |       |       |       |       |     3 |       ||     3
         Held in net/web   |       |       |       |       |       |     2 |       ||     2
 Armour: Robe              |    16 |    19 |     4 |       |       |       |       ||    39
         Ring mail         |       |       |    28 |   198 |   424 |   260 |    83 ||   993
         Scale mail        |       |       |       |       |     1 |    33 |       ||    34
  Dodge: Dodged            |    33 |    71 |    87 |   385 |   708 |   610 |   128 ||  2022
  Block: Buckler           |       |     4 |    36 |   347 |   859 |     7 |       ||  1253
         Reflection        |       |       |       |     8 |    95 |    52 |     1 ||   156
         Tower shield      |       |       |       |       |       |  1766 |   353 ||  2119

Table legend: (Time is in decaauts)
 A = Elapsed time spent in this place.
 B = Non-inter-level travel time spent in this place.
 C = Inter-level travel time spent in this place.
 D = Time resting spent in this place.
 E = Time spent auto-exploring this place.
 F = Levels seen in this place.
 G = Mean time per level.
                   A        B        C        D        E       F      G
               +--------+--------+--------+--------+--------+-----+--------+
         Total |  34012 |  31951 |   2061 |   5525 |  15648 |  32 | 1062.9 |
       Dungeon |  13566 |  12739 |    827 |   1351 |   7731 |  15 |  904.4 |
          Lair |   7141 |   6548 |    593 |   1178 |   3447 |   5 | 1428.2 |
        Shoals |   4967 |   4612 |    355 |    604 |   1599 |   4 | 1241.8 |
   Spider Nest |   4907 |   4707 |    200 |   1451 |   1737 |   4 | 1226.8 |
  Orcish Mines |   1342 |   1259 |     83 |     32 |    622 |   2 |  671.0 |
        Bazaar |    226 |    226 |      0 |      0 |    103 |   1 |  226.0 |
      Ice Cave |   1859 |   1859 |      0 |    909 |    408 |   1 | 1859.0 |
               +--------+--------+--------+--------+--------+-----+--------+

Top non-repeatable levels by time:
  Lair:3: 2383 daAuts
   IceCv: 1859 daAuts
Shoals:4: 1541 daAuts
  Lair:4: 1448 daAuts
Spider:3: 1430 daAuts
    D:10: 1427 daAuts
Spider:4: 1336 daAuts
  Lair:5: 1335 daAuts
Spider:2: 1255 daAuts
Shoals:1: 1199 daAuts
Shoals:3: 1152 daAuts
Shoals:2: 1074 daAuts
  Lair:1: 1063 daAuts
     D:8: 1043 daAuts
     D:1: 1030 daAuts
